Map: Orbital Shipyard

Players

LilDicky

  • Race: Terran Terran
  • League: Diamond

Ginn - Winner!

  • Race: Zerg Zerg
  • League: Platinum

VOD

http://www.twitch.tv/tumescentpie

Description

Time

  • Played on: Nov. 27, 2015, 1:39 a.m.
  • Length: 15:18
Show
View Real Time Build Order
Export as new Build Order

LilDicky Terran 

Build Orders: Bio Tank, MMM Bio 

Get SALT Encoding   

  12  0:01  SCV  
  13  0:13  SCV  
  14  0:17  Supply Depot  
  14  0:25  SCV  
  15  0:32  Refinery  
  15  0:39  SCV  
  16  0:45  Barracks  
  16  0:47  Barracks  
  16  0:52  SCV  
  17  1:04  SCV  
  18  1:17  SCV  
  19  1:29  SCV  
  20  1:34  Marine  
  21  1:43  Command Center  
  21  1:48  Orbital Command  
  21  1:56  Marine  
  22  2:02  Factory  
  23  2:21  Barracks Reactor, SCV  
  23  2:25  Supply Depot  
  23  2:45  Factory Tech Lab, Refinery  
  23  2:46  SCV  
  23  2:49  Barracks  
  24  2:54  Barracks  
  24  3:01  Orbital Command  
  24  3:03  Marine x2  
  26  3:10  Siege Tank  
  29  3:16  SCV  
  30  3:22  Marine  
  30  3:23  Marine  
  30  3:24  Refinery  
  32  3:28  SCV  
  32  3:30  SCV  
  34  3:38  Barracks Tech Lab  
  34  3:40  Marine x2  
  36  3:42  SCV, Barracks Tech Lab  
  36  3:43  SCV  
  38  3:56  Marine  
  38  3:58  Marine  
  38  3:59  SCV, Siege Tank  
  44  4:04  SCV  
  44  4:05  Stimpack  
  44  4:07  Marine  
  46  4:12  Supply Depot  
  46  4:22  Starport  
  46  4:23  Marine x3  
  46  4:24  SCV  
  50  4:29  SCV  
  51  4:54  Marine x2  
  51  4:55  SCV x2, Marauder  
  51  4:58  Medivac  
  51  4:59  Siege Tank  
  62  5:13  Command Center, Supply Depot  
  62  5:17  Supply Depot  
  62  5:35  SCV x2, Marine x4  
  68  5:47  SCV  
  69  5:52  Marine x4  
  69  5:55  SCV  
  73  5:59  SCV, Concussive Shells  
  73  6:00  Starport Reactor  
  73  6:02  Siege Tank  
  67  6:37  Marine x2  
  67  6:38  Marine x2  
  58  6:51  Orbital Command  
  57  6:55  Marine x4  
  57  6:57  SCV x2  
  57  7:00  Supply Depot  
  63  7:05  Barracks  
  63  7:06  Barracks x2  
  63  7:08  Engineering Bay  
  63  7:10  Engineering Bay  
  63  7:13  Marine x4  
  61  7:30  Marine  
  61  7:31  Marine x2  
  61  7:32  Marauder  
  61  7:33  Engineering Bay  
  61  7:37  Terran Infantry Weapons Level 1, Terran Infantry Armor Level 1  
  58  7:40  Missile Turret  
  58  7:41  Combat Shields  
  58  7:43  Medivac  
  58  7:44  Medivac  
  60  7:46  Missile Turret  
  60  7:48  Marine  
  60  7:49  Marine x2  
  63  7:52  Missile Turret  
  63  7:53  Marauder  
  63  7:54  Missile Turret, Marine  
  63  7:57  Marine x2  
  68  8:05  Hi-Sec Auto Tracking, Missile Turret  
  68  8:06  Marine  
  68  8:07  Marauder, Marine  
  68  8:12  Marine  
  72  8:14  Marine  
  72  8:15  Marine x2  
  74  8:24  Marine x2  
  74  8:28  Marine  
  74  8:29  Marine  
  74  8:32  Missile Turret, Marine  
  74  8:33  Marine x2  
  79  8:37  Missile Turret  
  79  8:43  Marine x2  
  79  8:44  Missile Turret  
  79  8:46  Marauder  
  79  8:48  Marine  
  81  8:50  Marine x2, Marauder  
  85  9:00  Marine  
  85  9:01  Marine  
  87  9:05  Marine  
  87  9:08  Marauder  
  75  9:17  Marine x3  
  75  9:18  Marine x2  
  75  9:23  Marine  
  71  9:29  Marine  
  71  9:35  Marine x3  
  71  9:36  Marine x2  
  69  9:41  Marine  
  63  9:46  Marine  
  63  9:47  SCV x2  
  63  9:48  SCV  
  63  9:52  Starport Reactor  
  65  9:53  Missile Turret, Marine x3  
  65  9:54  Marine x2  
  65  9:59  Marine  
  71  10:01  Supply Depot  
  71  10:02  Supply Depot  
  71  10:04  Marine  
  72  10:07  Starport  
  72  10:08  Armory  
  72  10:09  SCV  
  72  10:10  Marine  
  72  10:11  SCV x2, Marine x2  
  72  10:12  Marine x2  
  80  10:17  Marine  
  81  10:21  SCV  
  81  10:22  Marine  
  81  10:23  SCV  
  81  10:28  Marine x2  
  71  10:47  Marine x2  
  71  10:48  Marauder  
  76  10:53  Marine  
  75  10:57  Marine x2  
  75  11:00  Starport Reactor  
  75  11:02  Supply Depot, Medivac x2  
  79  11:04  Marine  
  79  11:05  Marine  
  79  11:08  Refinery x2  
  79  11:11  Refinery  
  79  11:12  Refinery x2  
  79  11:20  Marine x2  
  79  11:21  Supply Depot, Marine  
  79  11:22  SCV  
  83  11:31  Medivac  
  83  11:32  Medivac  
  89  11:46  Command Center  
  87  11:56  Missile Turret  
  87  11:58  Marine  
  87  11:59  Marauder  
  87  12:00  Marine, Marauder  
  87  12:20  Marine  
  87  12:21  Marauder x2, Marine x3  
  87  12:22  Marine  
  63  12:30  SCV  
  63  12:32  Terran Infantry Weapons Level 2, Terran Infantry Armor Level 2  
  63  12:38  Marine x2  
  63  12:39  Marine x3  
  63  12:40  Medivac  
  63  12:42  Marauder  
  72  12:46  Marine  
  72  12:48  SCV  
  72  12:49  SCV  
  75  12:54  Missile Turret  
  75  12:56  Marine x2  
  75  12:57  Marine x3  
  80  12:59  SCV, Missile Turret  
  80  13:01  SCV, Planetary Fortress  
  80  13:04  Missile Turret, Marauder  
  80  13:05  Marauder  
  86  13:06  SCV  
  87  13:14  Marine x4  
  87  13:15  Marine  
  92  13:22  Refinery  
  92  13:24  Marine  
  92  13:26  Marauder  
  95  13:32  Marine x3  
  95  13:41  Medivac x3  
  95  13:42  Marine x2  
  95  13:43  Marauder  
  95  13:44  Missile Turret  
  95  13:45  SCV x2, Missile Turret  
  95  13:46  Missile Turret  
  95  13:48  Missile Turret  
  107  13:51  Marine x2  
  98  13:57  Marine  
  98  14:00  Marine x3  
  98  14:01  Medivac  
  93  14:04  SCV, Marine  
  93  14:05  SCV x2  
  93  14:09  Marine  
  96  14:11  Medivac  
  98  14:19  Marine x2  
  98  14:21  Missile Turret x2  
  98  14:22  Missile Turret  
  100  14:47  SCV x2  
  100  14:48  Marine x2  
  100  14:49  Marauder  
  100  14:50  Missile Turret, Marauder  
Show
View Real Time Build Order
Export as new Build Order

Ginn Zerg - Winner!

Build Orders: Hatch First 

Get SALT Encoding   

  12  0:01  Drone  
  13  0:09  Drone  
  14  0:17  Overlord  
  14  0:36  Drone x3  
  17  0:55  Hatchery  
  17  0:56  Drone  
  17  1:10  Spawning Pool  
  16  1:13  Drone  
  16  1:16  Drone  
  18  1:20  Extractor  
  18  1:21  Drone  
  18  1:30  Drone  
  19  1:46  Overlord  
  19  1:58  Queen  
  19  1:59  Zergling x2  
  22  2:07  Queen  
  24  2:08  Zergling x2  
  24  2:09  Zergling x2  
  26  2:18  Drone  
  26  2:22  Drone  
  28  2:25  Overlord  
  28  2:34  Queen  
  30  2:40  Metabolic Boost  
  30  2:42  Queen  
  32  2:49  Drone x2  
  32  2:50  Drone  
  35  2:52  Drone  
  35  2:55  Drone  
  37  3:01  Drone  
  38  3:16  Drone x5  
  38  3:17  Overlord  
  42  3:40  Extractor  
  41  3:42  Drone x4, Extractor, Overlord  
  41  3:43  Zergling x6  
  41  3:47  Lair  
  47  3:51  Queen  
  49  4:05  Extractor  
  49  4:06  Spore Crawler  
  47  4:16  Drone  
  47  4:17  Drone x5  
  50  4:19  Overlord x2  
  50  4:21  Drone x2  
  50  4:22  Drone  
  56  4:24  Drone  
  55  4:55  Zergling x12  
  55  4:56  Zergling x8  
  65  5:02  Roach Warren  
  65  5:04  Spire  
  65  5:06  Pneumatized Carapace  
  63  5:24  Hatchery  
  63  5:25  Baneling Nest  
  63  5:26  Drone x4  
  65  5:30  Overlord  
  65  5:48  Roach  
  65  5:49  Overlord x2, Roach  
  69  5:50  Roach x2  
  69  5:53  Zergling x4  
  75  6:04  Overlord x2  
  75  6:11  Baneling x5  
  73  6:12  Baneling x3  
  59  6:50  Mutalisk x6, Zergling x4  
  59  6:51  Mutalisk x3  
  76  6:56  Mutalisk  
  76  6:57  Mutalisk, Zergling x4  
  76  6:58  Roach, Zergling x2  
  85  7:10  Baneling x4  
  85  7:12  Zergling x8  
  74  7:45  Drone x3  
  74  7:46  Drone x8  
  74  7:51  Zerg Flyer Weapons Level 1  
  85  7:57  Evolution Chamber  
  85  7:58  Evolution Chamber  
  83  8:31  Zergling x2  
  83  8:32  Drone x2, Roach, Zergling x4  
  83  8:33  Overlord x2, Roach x2, Zergling x6  
  83  8:34  Roach x2  
  101  8:51  Zergling x4  
  101  8:52  Roach  
  104  8:56  Baneling x6  
  85  9:22  Zergling x12  
  85  9:23  Zergling x6  
  91  9:29  Zergling x6  
  71  9:48  Baneling x3  
  71  9:49  Baneling x5  
  71  9:50  Queen  
  71  9:52  Queen  
  75  9:54  Queen  
  75  9:59  Baneling x3  
  77  10:00  Baneling  
  77  10:02  Extractor  
  77  10:03  Mutalisk x4, Extractor, Zergling x10  
  77  10:04  Mutalisk x2, Zergling x2  
  77  10:05  Zergling x4  
  95  10:12  Mutalisk  
  97  10:15  Zerg Ground Armor Level 1  
  97  10:16  Centrifical Hooks, Zerg Melee Weapons Level 1  
  87  10:48  Mutalisk x3, Zergling x4  
  87  10:49  Roach x2, Zergling x10  
  105  10:50  Zergling x4  
  99  11:18  Baneling x3  
  99  11:19  Baneling x7  
  99  11:20  Baneling x5  
  99  11:21  Mutalisk x2, Zergling x6  
  99  11:22  Roach, Zergling x6  
  111  11:35  Zerg Flyer Weapons Level 2  
  111  11:42  Zergling x2  
  111  11:43  Zergling x14  
  111  11:44  Overlord x3  
  103  12:43  Overseer  
  103  12:47  Overseer  
  103  12:49  Zerg Ground Armor Level 2  
  103  12:50  Hydralisk Den, Zerg Melee Weapons Level 2  
  102  12:53  Infestation Pit  
  101  12:59  Hatchery  
  99  13:23  Lurker Den  
  93  13:59  Mutalisk x5  
  93  14:00  Mutalisk x3, Zergling x4  
  93  14:01  Roach x3, Zergling x10  
  93  14:02  Roach x3, Zergling x12  
  136  14:03  Roach x3, Zergling x4  
  129  14:19  Queen  
  131  14:28  Baneling  
  131  14:29  Baneling  
Tags
 
Add a new tag
Caveats
  • Supply blocks, unpowered buildings, or Contaminate may cause inaccurate times.
  • Supply counts are checked every 10 seconds.